 Dungeon Crawl Stone Soup version 0.21-a0-186-g02e8684 (webtiles) character file.

56 Lavandula the Charlatan (level 4, -1/33 HPs)
             Began as a Formicid Artificer on Aug 12, 2017.
             Slain by an orc
             ... wielding a +0 hand axe
              (6 damage)
             ... on level 3 of the Dungeon.
             The game lasted 00:03:51 (1010 turns).

Lavandula the Charlatan (Formicid Artificer)        Turns: 1010, Time: 00:03:51

Health: -1/33      AC:  3    Str: 17    XL:     4   Next: 15%
Magic:  6/6        EV: 12    Int: 10    God:
Gold:   75         SH:  0    Dex: 12    Spells: 3/3 levels left

rFire    . . .     SeeInvis +   a - +0 short sword
rCold    . . .     Gourm    .   (no shield)
rNeg     . . .     Faith    .   b - +0 leather armour
rPois    .         Spirit   .   (helmet unavailable)
rElec    .         Reflect  .   (no cloak)
rCorr    .         Harm     .   (no gloves)
MR       .....                  (no boots)
Stlth    +.........             (no amulet)
HPRegen  0.11/turn              (no ring)
MPRegen  0.10/turn              (no ring)

@: no status effects
A: permanent stasis, dig shafts and tunnels, four strong arms, antennae 3
a: Dig, Shaft Self


You were on level 3 of the Dungeon.
You were hungry.

You visited 1 branch of the dungeon, and saw 3 of its levels.

You collected 75 gold pieces.

Inventory:

Hand Weapons
 a - a +0 short sword (weapon)
Missiles
 i - 8 curare-tipped needles
Armour
 b - a +0 leather armour (worn)
Magical Staves
 p - an uncursed staff of cold {unknown}
Wands
 c - a wand of flame (9/48)
 d - a wand of enslavement (11/24)
 e - a wand of random effects (15/48)
Scrolls
 g - 3 scrolls of identify {vault, unknown}
 h - a scroll of amnesia {vault, unknown}
 j - 2 scrolls of teleportation {unknown}
 l - a scroll of remove curse {unknown}
 m - a scroll of recharging {unknown}
 o - a scroll of magic mapping {unknown}
Potions
 k - a potion of mutation {unknown}
 n - a potion of curing {unknown}
Comestibles
 f - 3 bread rations


   Skills:
 + Level 2.0 Fighting
 - Level 3.1 Short Blades
 - Level 1.7 Dodging
 - Level 1.2 Stealth
 - Level 3.4 Evocations


You had 3 spell levels left.
You didn't know any spells.

Dungeon Overview and Level Annotations

Branches:
Dungeon (3/15)

Altars:


Innate Abilities, Weirdness & Mutations

You cannot be hasted, slowed, berserked, paralysed or teleported.
You can dig through walls and to a lower floor.
Your four strong arms can wield two-handed weapons with a shield.
You have a pair of large antennae on your head. (SInv)


Message History

The orc is severely wounded.
The orc misses you.
You completely miss the orc.
The orc is severely wounded.
The orc hits you with a short sword.
You hit the orc.
The orc is almost dead.
The orc hits you with a short sword.
You hit the orc.
You kill the orc!
Your Fighting skill increases to level 2!
You hit the orc but do no damage. The orc hits you with a hand axe.
* * * LOW HITPOINT WARNING * * *
Evoke which item? (* to show all) (? for menu, Esc to quit)
Aiming: Throw Flame
Press: ? - help, Shift-Dir - straight line, f - orc
Aim: an orc, wielding a hand axe and wearing a leather armour The puff of flame misses the orc.
This wand has 9 charges left.
The orc hits you with a hand axe.
You die...

#.# #.#
#.#######.
#..†......
#.#######.
#........
#..#.....
#.######..#..###
#.....@o.....#
########..#..#
#..#....#
#..#.##.# #..#.#
. #.)#.#####..
#...).......
##..........
###########


You could see an orc.

Vanquished Creatures
  An adder (D:3)
  An ooze (D:1)
  A dart slug (D:1)
  4 leopard geckos
  3 orcs
  3 bats
  2 giant cockroaches
  A goblin (D:1)
  2 hobgoblins
  2 jackals (D:3)
  A frilled lizard (D:1)
  A kobold (D:1)
  9 rats
31 creatures vanquished.

Vanquished Creatures (collateral kills)
  2 orcs (D:3)
2 creatures vanquished.

Vanquished Creatures (others)
  An adder (D:3)
1 creature vanquished.

Grand Total: 34 creatures vanquished

Notes
Turn   | Place    | Note
-------+----------+-------------------------------------------
     0 | D:1      | Lavandula the Formicid Artificer began the quest for the Orb.
     0 | D:1      | Reached XP level 1. HP: 15/15 MP: 3/3
    86 | D:1      | Reached XP level 2. HP: 21/21 MP: 4/4
   282 | D:1      | Reached XP level 3. HP: 16/26 MP: 5/5
   966 | D:3      | Reached XP level 4. HP: 33/33 MP: 6/6
  1010 | D:3      | Slain by an orc

Vault maps used:
D:1:      dpeg_arrival_ratfight
D:2:      old_standard_altar
D:3:      first_bread, eino_tiny_chamber

Skill      XL: |  1  2  3  4 |
---------------+-------------+-----
Short Blades   | 2 3 |  3.1
Fighting       | 2 |  2.0
Dodging        | |  1.7
Stealth        | |  1.2
Evocations     | |  3.4

Action                   |  1- 3 |  4- 6 || total
-------------------------+-------+-------++-------
Melee: Short sword       |   133 |    23 ||   156
Evoke: Wand              |     5 |     5 ||    10
 Stab: Sleeping          |     1 |       ||     1
Armor: Leather armour    |    33 |     5 ||    38
Dodge: Dodged            |    81 |    11 ||    92
